cohdb
Replays
Latest Replays
All Replays
Popular Replays
Top Player Replays
Match Explorer
How It Works
Community
CoH3 Stats
Reddit
Sign in to upload your games and track your stats! →
Sign in with Steam
Match 26082096
Unlisted
Match 26082096
Overview
Messages
Build Orders
End
Royal Engineer Section
Vickers Machine Gun Team
Selects Air and Sea Battlegroup
Construct Section Command Post
Infantry Section
Infantry Section
Grenade Package
Construct Platoon Command Post
Selects Supply Surplus
Humber Armored Car
Infantry Section
Infantry Training
Construct Field Infirmary
Selects Centaur Medium Tank
Centaur Medium Tank
ML 3-inch Mortar Team
Selects Commando Section Paradrop
Commando Section Paradrop
6-pounder Anti-tank Gun Team
Selects Commando LMG Section Paradrop
青菜
Wrathment
0
0
Comments
sign in to comment!
No comments posted yet!